 Dungeon Crawl Stone Soup version 0.22-a0-456-g11ed031 (webtiles) character file.

319 emperorscorpion the Magician (level 6, -1/32 HPs)
             Began as a Deep Elf Air Elementalist on June 6, 2018.
             Was a Follower of Makhleb.
             Slain by a hobgoblin (5 damage)
             ... on level 3 of the Dungeon.
             The game lasted 00:05:01 (4053 turns).

emperorscorpion the Magician (DEAE)                 Turns: 4053, Time: 00:05:02

Health: -1/32      AC:  4    Str:  5    XL:     6   Next: 21%
Magic:  13/16      EV: 13    Int: 22    God:    Makhleb [*.....]
Gold:   154        SH:  0    Dex: 15    Spells: 6/16 levels left

rFire    . . .     SeeInvis .   a - +3 quarterstaff (chaos)
rCold    + . .     Gourm    .   (shield currently unavailable)
rNeg     . . .     Faith    .   g - +0 robe
rPois    .         Spirit   .   y - +0 helmet
rElec    .         Reflect  .   B - +0 cloak
rCorr    .         Harm     .   (no gloves)
MR       +....                  (no boots)
Stlth    ++........             (no amulet)
HPRegen  0.10/turn              w - ring of protection from magic
MPRegen  0.15/turn              q - ring of protection from cold

@: no status effects
A: no striking features
a: Renounce Religion


You were on level 3 of the Dungeon.
You worshipped Makhleb.
Makhleb was aware of your devotion.
You were not hungry.

You visited 1 branch of the dungeon, and saw 4 of its levels.

You collected 154 gold pieces.

Inventory:

Hand Weapons
 a - a +3 quarterstaff of chaos (weapon)
 o - a +0 hunting sling
 A - a +1 dagger
Missiles
 i - 113 stones (quivered)
 l - 28 arrows
 n - 25 poisoned needles
 t - 13 bolts
Armour
 g - a +0 robe (worn)
 y - a +0 helmet (worn)
 B - a +0 cloak (worn)
Jewellery
 q - a ring of protection from cold (right hand)
 w - a ring of protection from magic (left hand)
Wands
 b - a wand of flame (30)
Scrolls
 e - a scroll of teleportation {unknown}
 f - a scroll of fear
 m - 2 scrolls of amnesia {unknown}
 p - a scroll of immolation
 s - a scroll of magic mapping {unknown}
 u - 3 scrolls of blinking {unknown}
 v - 3 scrolls of remove curse
Potions
 d - a potion of mutation {unknown}
 h - a potion of degeneration {unknown}
 j - a potion of curing
 k - a potion of brilliance {unknown}
 r - 2 potions of agility {unknown}
 z - a potion of lignification {unknown}
Comestibles
 c - 5 rations
 x - 2 chunks of flesh


   Skills:
 + Level 0.2 Staves
 + Level 2.7 Dodging
 + Level 3.0 Stealth
 + Level 5.9 Spellcasting
 + Level 2.3 Conjurations
 + Level 5.1 Air Magic


You had 6 spell levels left.
You knew the following spells:

 Your Spells              Type           Power        Failure   Level  Hunger
a - Shock                 Conj/Air       ###.         1%          1    None
b - Airstrike             Air            ####......   12%         4    ###....
c - Lightning Bolt        Conj/Air       ###.......   50%         5    #####..

Your spell library contained the following spells:

 Spells                   Type           Power        Failure   Level  Hunger
 Swiftness                Chrm/Air       ###.....     4%          2    None
 Static Discharge         Conj/Air       ###.....     6%          3    #......


Dungeon Overview and Level Annotations

Branches:
Dungeon (4/15)
 Temple: D:4-7

Altars:
Gozag
Makhleb
Nemelex Xobeh
Sif Muna

Annotations:
D:4 Dowan, Duvessa, Ijyb, Pikel


Message History

Dowan points at Duvessa and mumbles some strange words.
Duvessa seems to speed up.
Duvessa hits you with a short sword! The hobgoblin closely misses you.
Evoke which item? (* to show all) (? for menu, Esc to quit)
Okay, then.
Duvessa hits you but does no damage. The hobgoblin misses you.
Duvessa hits you with a short sword!
* * * LOW HITPOINT WARNING * * *
You climb upwards.
There is a stone staircase leading down here.
You closely miss the hobgoblin. The hobgoblin hits you.
* * * LOW HITPOINT WARNING * * *
You hit the hobgoblin.
The hobgoblin seems to speed up.
The hobgoblin is severely wounded.
The hobgoblin barely misses you.
The hobgoblin hits you but does no damage.
You barely miss the hobgoblin.
The hobgoblin is severely wounded.
The hobgoblin closely misses you. The hobgoblin hits you.
You die...

##..#....#####..####...†....#....
##..#.......#....##.).....÷.#####
##..#.......##...##########.#####
##..#.......###..# #...#..
##..######### #..# ###.#.# ##..#
#..# #.....# ##..# #..# #.#.###
##..# ##g# #.#.# ##..# #@#
#.#.### <#..# #########.###
#.#...# ##..# #...........#
#.##... ....# #...........#
#.##... ##.## #...........#
#..+... #.# #...........# ####...
#.# #...........# #... #>#
#...........# #... #.#
######.###### #...


You could see a hobgoblin.

Vanquished Creatures
  A slave (D:3)
  A phantom (D:4)
  Crazy Yiuf (D:3)
  Jessica (D:3)
  Natasha (thrice) (D:3)
  3 adders (D:2)
  2 oozes
  3 worms
  A dart slug (D:1)
  6 leopard geckos
  6 bats
  3 giant cockroaches
  4 hobgoblins
  A ball python (D:2)
  8 frilled lizards
  5 goblins
  6 kobolds
  6 rats
61 creatures vanquished.

Notes
Turn   | Place    | Note
-------+----------+-------------------------------------------
     0 | D:1      | emperorscorpion the Deep Elf Air Elementalist began the quest for the Orb.
     0 | D:1      | Reached XP level 1. HP: 10/10 MP: 6/6
   442 | D:1      | Reached XP level 2. HP: 13/15 MP: 0/8
  1145 | D:2      | Reached XP level 3. HP: 19/19 MP: 0/10
  1318 | D:2      | Found a burning altar of Makhleb.
  1322 | D:2      | Became a worshipper of Makhleb the Destroyer
  1424 | D:2      | Found a burning altar of Makhleb.
  1459 | D:2      | Found a sparkling altar of Nemelex Xobeh.
  1459 | D:2      | Found a deep blue altar of Sif Muna.
  1468 | D:2      | Found an opulent altar of Gozag.
  1706 | D:2      | Reached XP level 4. HP: 20/24 MP: 7/11
  2570 | D:3      | Noticed Natasha
  2573 | D:3      | Killed Natasha
  2780 | D:3      | Noticed Jessica
  2783 | D:3      | Killed Jessica
  2783 | D:3      | Reached skill level 5 in Spellcasting
  2929 | D:3      | Reached XP level 5. HP: 28/28 MP: 10/14
  2993 | D:3      | Reached * piety under Makhleb
  3178 | D:3      | Found a runed door.
  3185 | D:3      | Learned a level 4 spell: Airstrike
  3191 | D:3      | Learned a level 5 spell: Lightning Bolt
  3193 | D:3      | Noticed Crazy Yiuf
  3196 | D:3      | Killed Crazy Yiuf
  3368 | D:3      | Noticed Natasha
  3378 | D:3      | Killed Natasha
  3513 | D:3      | Noticed Natasha
  3518 | D:3      | Killed Natasha
  3870 | D:4      | Noticed Ijyb
  3919 | D:4      | Noticed a phantom
  3925 | D:4      | Killed a phantom
  3925 | D:4      | Reached skill level 5 in Air Magic
  3925 | D:4      | Reached XP level 6. HP: 32/32 MP: 3/16
  3930 | D:4      | Noticed a slave
  3930 | D:4      | Noticed a slave
  3931 | D:4      | Noticed Pikel
  3931 | D:4      | Noticed a slave
  3951 | D:3      | Killed a slave
  4042 | D:4      | Noticed Duvessa
  4042 | D:4      | Noticed Dowan
  4053 | D:3      | Slain by a hobgoblin

Vault maps used:
D:1:      tarquinn_simple_flora_water_f
D:2:      grunt_temple_overflow_open, dk_noncrumbling_2, bloody_makhleb
D:3:      first_ration, uniq_jessica, uniq_crazy_yiuf_cottage, uniq_natasha
D:4:      minmay_temple_entry_glassed_door, serial_shops, shop_statue,
          guppyfry_early_orc_mine, uniq_menkaure, uniq_ijyb, uniq_duvessa,
          uniq_pikel

Skill      XL: |  1  2  3  4  5 |
---------------+----------------+-----
Air Magic      | 4 5 |  5.1
Spellcasting   | 5 |  5.9
Conjurations   | 2 |  2.3
Stealth        | 3 |  3.0
Staves         | |  0.2
Dodging        | |  2.7

Action                   |  1- 3 |  4- 6 || total
-------------------------+-------+-------++-------
Melee: Dagger            |     1 |     5 ||     6
       Quarterstaff      |       |    22 ||    22
 Cast: Shock             |    74 |    54 ||   128
       Airstrike         |       |     8 ||     8
  Use: Scroll            |     4 |     1 ||     5
 Stab: Sleeping          |     1 |     4 ||     5
       Paralysed         |       |     1 ||     1
       Distracted        |       |     1 ||     1
  Eat: Chunk             |     2 |     5 ||     7
       Ration            |       |     1 ||     1
Armor: Robe              |     1 |     6 ||     7
Dodge: Dodged            |    12 |    26 ||    38

Table legend:
 A = Spawn XP
 B = Non-spawn XP
 C = Spawn XP percentage of total XP
 D = Spawn monster count
 E = Non-spawn monster count
 F = Spawn count percentage of total count
 G = Total turns spent on level
                    A         B        C        D         E        F      G
               +---------+---------+-------+---------+---------+-------+---------
         Total |       0 |     456 |   0.0 |       0 |      60 |   0.0 |  4053
               +---------+---------+-------+---------+---------+-------+---------
           D:1 |       0 |      30 |   0.0 |       0 |      14 |   0.0 |  1068
           D:2 |       0 |      80 |   0.0 |       0 |      22 |   0.0 |  1293
           D:3 |       0 |     214 |   0.0 |       0 |      21 |   0.0 |  1659
           D:4 |       0 |     132 |   0.0 |       0 |       3 |   0.0 |    33
               +---------+---------+-------+---------+---------+-------+---------
